 Dungeon Crawl Stone Soup version 0.20.0-15-g7f486f2 (webtiles) character file.

2979 Malak the Impaler (level 9, 0/61 HPs)
             Began as a Merfolk Gladiator on June 16, 2017.
             Was an Initiate of Okawaru.
             Succumbed to a worker ant's poison
             ... on level 8 of the Dungeon.
             The game lasted 00:29:48 (5821 turns).

Malak the Impaler (Merfolk Gladiator)               Turns: 5821, Time: 00:29:48

Health: 0/61       AC:  6    Str: 23    XL:     9   Next: 82%
Magic:  9/9        EV: 14    Int: 10    God:    Okawaru [......]
Gold:   318        SH:  3    Dex: 18    Spells: 4/8 levels left

rFire    x . .     SeeInvis .   y - +3 scythe (distort)
rCold    + . .     Gourm    .   (shield currently unavailable)
rNeg     . . .     Faith    .   b - +0 leather armour
rPois    .         Spirit   .   h - +2 helmet {Int+3}
rElec    .         Reflect  +   (no cloak)
rCorr    .         Harm     .   (no gloves)
MR       .....                  (no boots)
Stlth    +.........             r - +3 amulet of reflection
Regen    0.2/turn               m - ring of ice
MPRegen  0.2/turn               v - +3 ring of strength

@: mighty, lethally poisoned (0 -> -10), drained
A: change form in water, swift swim, stealthy swim
a: Renounce Religion


You were on level 8 of the Dungeon.
You worshipped Okawaru.
Okawaru was noncommittal.
You were not hungry.

You visited 2 branches of the dungeon, and saw 9 of its levels.

You collected 318 gold pieces.

Inventory:

Hand Weapons
 a - a +0 trident
 x - a +0 glaive
 y - a +3 scythe of distortion (weapon)
 z - a +7 club
 J - a +1 trident
 K - a +5 halberd
Missiles
 d - 3 throwing nets (quivered)
Armour
 b - a +0 leather armour (worn)
 c - a +0 helmet
 h - a +2 helmet of intelligence (worn)
 n - a +0 shield
Jewellery
 m - a ring of ice (left hand)
 r - a +3 amulet of reflection (around neck)
 v - a +3 ring of strength (right hand)
Wands
 w - a wand of polymorph (7/24)
 E - a wand of enslavement (7/24)
Scrolls
 i - 3 scrolls of teleportation
 j - 6 scrolls of identify
 l - 2 scrolls of remove curse
 q - a scroll of amnesia
 B - a scroll of recharging
 C - 2 scrolls of blinking
 F - a scroll of enchant weapon
 G - a scroll of immolation {unknown}
 H - a scroll of acquirement {unknown}
 I - 2 scrolls of magic mapping {unknown}
Potions
 e - 3 potions of brilliance {unknown}
 k - 4 potions of might
 o - 2 potions of degeneration {unknown}
 p - 2 potions of agility {unknown}
 t - a potion of magic {unknown}
 u - a potion of lignification {unknown}
Books
 D - a book of Minor Magic

   Spells                             Type                      Level
   a - Magic Dart                     Conjuration                  1
   b - Blink                          Translocation                2
   c - Call Imp                       Summoning                    2
   d - Slow                           Hexes                        2
   e - Conjure Flame                  Conjuration/Fire             3
   f - Mephitic Cloud                 Conjuration/Poison/Air       3
Comestibles
 f - 7 bread rations
 g - 4 royal jellies
 s - 7 meat rations


   Skills:
 - Level 2.1(1.9) Fighting
 - Level 15.0(14.7) Polearms
 - Level 2.0(1.7) Throwing
 - Level 4.0(3.7) Dodging
 - Level 6.0(5.8) Hexes
 + Level 4.4(4.1) Summonings


You had 4 spell levels left.
You knew the following spells:

 Your Spells              Type           Power        Failure   Level  Hunger
a - Call Imp              Summ           #.......     12%         2    ###....
b - Slow                  Hex            ##......     6%          2    ###....


Dungeon Overview and Level Annotations

Branches:
Dungeon (8/15)             Temple (1/1) D:7
   Lair: D:8-11

Altars:
Ashenzari
Cheibriados
Dithmenos
Elyvilon
Fedhas
Gozag
Hepliaklqana
Kikubaaqudgha
Makhleb
Nemelex Xobeh
Okawaru
Qazlal
Ru
Sif Muna
Trog
Uskayaw
Vehumet
Xom
Yredelemnul
Zin
The Shining One

Annotations:
Abyss:1 Edmund


Message History

The worker ant bites you!
You are more poisoned.
The worker ant poisons you! The orc hits you with a flail.
* * * LOW HITPOINT WARNING * * *
You closely miss the worker ant.
The worker ant is severely wounded.
You feel sick. The worker ant bites you.
* * * LOW HITPOINT WARNING * * *
The orc barely misses you.
You hit the worker ant.
Space bends around the worker ant.
The worker ant is almost dead.
* * * LOW HITPOINT WARNING * * *
You feel sick. The worker ant bites you.
* * * LOW HITPOINT WARNING * * *
The orc hits you with a flail.
* * * LOW HITPOINT WARNING * * *
You block the worker ant's attack.
It was a potion of might.
You feel very mighty all of a sudden.
You die...

#. # ####.
### #. ....
..#
#..##..##.#
........#.#
.........<#
.......a..#
......o@#.#
...>..).#.#
..........#
.........##
........#.
#..##..##..
### #.. .#
#.# #


You could see a worker ant and an orc.

Vanquished Creatures
  Grinder (D:3)
  Sigmund (D:2)
  Eustachio (D:5)
  Menkaure (D:4)
  A black bear (D:7)
  An ice beast (D:5)
  2 sky beasts
  3 ogres
  A centaur (D:7)
  A bullfrog (D:7)
  A wyvern zombie (D:7)
  3 scorpions
  5 wights (D:7)
  2 howler monkeys (D:7)
  2 crimson imps
  A bullfrog zombie (D:5)
  A jelly (D:7)
  Crazy Yiuf (D:4)
  4 orc priests
  6 orc wizards
  3 bullfrog skeletons
  A centaur skeleton (D:4)
  Ijyb (D:4)
  2 iguanas
  3 worker ants
  2 hound skeletons
  A worker ant zombie (D:6)
  Robin (D:2)
  4 adders
  3 gnolls (D:3)
  3 shadow imps
  3 adder skeletons
  An adder zombie (D:7)
  A worm (D:2)
  A dart slug (D:1)
  2 leopard geckos
  19 orcs
  2 ball pythons (D:1)
  7 giant cockroaches
  18 goblins
  12 hobgoblins
  9 jackals
  8 kobolds
  4 quokkas
  9 bats
  7 frilled lizards
  A jackal skeleton (D:7)
  3 rats
170 creatures vanquished.

Vanquished Creatures (others)
  A wight (D:7)
  A howler monkey (D:7)
  A worker ant (D:4)
  2 adders
5 creatures vanquished.

Grand Total: 175 creatures vanquished

Notes
Turn   | Place    | Note
-------+----------+-------------------------------------------
     0 | D:1      | Malak the Merfolk Gladiator began the quest for the Orb.
     0 | D:1      | Reached XP level 1. HP: 16/16 MP: 1/1
   100 | D:1      | Reached skill level 5 in Polearms
   111 | D:1      | Reached XP level 2. HP: 22/22 MP: 2/2
   488 | D:1      | Reached XP level 3. HP: 26/27 MP: 3/3
   491 | D:1      | Reached skill level 6 in Polearms
  1044 | D:2      | Noticed Robin
  1061 | D:2      | Reached XP level 4. HP: 22/33 MP: 4/4
  1062 | D:2      | Reached skill level 7 in Polearms
  1081 | D:2      | Killed Robin
  1516 | D:2      | Noticed Sigmund
  1575 | D:2      | Killed Sigmund
  1575 | D:2      | Reached skill level 9 in Polearms
  1575 | D:2      | Reached XP level 5. HP: 32/38 MP: 5/5
  1575 | D:2      | Reached XP level 6. HP: 38/44 MP: 6/6
  1687 | D:3      | Noticed Grinder
  1693 | D:3      | Paralysed by Grinder for 4 turns
  1700 | D:3      | Killed Grinder
  1700 | D:3      | Reached skill level 10 in Polearms
  1700 | D:3      | Reached XP level 7. HP: 35/50 MP: 7/7
  2018 | D:3      | Reached skill level 11 in Polearms
  2604 | D:4      | Found a runed door.
  2853 | D:4      | Reached skill level 12 in Polearms
  3211 | D:4      | Found a shadowy altar of Dithmenos.
  3236 | D:4      | Noticed Menkaure
  3243 | D:4      | Killed Menkaure
  3243 | D:4      | Reached skill level 13 in Polearms
  3243 | D:4      | Reached XP level 8. HP: 30/56 MP: 8/8
  3275 | D:4      | Noticed Ijyb
  3316 | D:4      | Killed Ijyb
  3498 | D:4      | Noticed Crazy Yiuf
  3501 | D:4      | Killed Crazy Yiuf
  3535 | D:5      | Entered Level 5 of the Dungeon
  3552 | D:5      | Noticed Eustachio
  3555 | D:5      | Killed Eustachio
  3555 | D:5      | Reached skill level 14 in Polearms
  3789 | D:5      | Learned a level 2 spell: Call Imp
  3792 | D:5      | Learned a level 2 spell: Slow
  4337 | D:6      | Reached skill level 15 in Polearms
  4634 | D:6      | Noticed Edmund
  4637 | D:6      | Banished Edmund
  4637 | D:6      | Reached skill level 1 in Hexes
  4715 | D:6      | Reached XP level 9. HP: 56/61 MP: 9/9
  5035 | D:7      | Reached skill level 5 in Hexes
  5188 | D:7      | Reached skill level 1 in Summonings
  5249 | D:7      | Found a staircase to the Ecumenical Temple.
  5351 | Temple   | Entered the Ecumenical Temple
  5541 | Temple   | Became a worshipper of Warmaster Okawaru
  5820 | D:8      | HP: 1/61 [orc/flail (5)]
  5821 | D:8      | Succumbed to a worker ant's poison

Skill      XL: |  1  2  3  4  5  6  7  8  9 |
---------------+----------------------------+-----
Polearms       | 5 6 9 10 13 15 | 15.0
Hexes          | 2 6 |  6.0
Summonings     | 4 |  4.4
Fighting       | |  2.1
Throwing       | |  2.0
Dodging        | |  4.0

Action                   |  1- 3 |  4- 6 |  7- 9 || total
-------------------------+-------+-------+-------++-------
Melee: Trident           |   108 |    77 |       ||   185
       Scythe            |       |    13 |   263 ||   276
Throw: Throwing net      |       |     2 |       ||     2
 Cast: Slow              |       |       |     5 ||     5
  Use: Scroll            |       |     8 |     5 ||    13
       Potion            |       |       |     1 ||     1
 Stab: Sleeping          |     1 |     3 |     8 ||    12
       Held in net/web   |       |     3 |       ||     3
       Distracted        |       |       |     1 ||     1
  Eat: Chunk             |     1 |     2 |    14 ||    17
Armor: Leather armour    |    25 |    15 |    39 ||    79
Dodge: Dodged            |    80 |    49 |   132 ||   261
Block: Other             |       |       |    22 ||    22
       Reflection        |       |       |     1 ||     1
